 Dungeon Crawl Stone Soup version 0.28.0-53-g5a82cb258f (console) character file.

Game seed: 8292911215980279697

2507 Faeu the Severer (level 9, -6/70 HPs)
             Began as a Minotaur Berserker on May 24, 2022.
             Was an Elder of Trog.
             Killed from afar by an electric eel (10 damage)
             ... with a bolt of electricity
             ... on level 7 of the Dungeon.
             The game lasted 00:22:16 (5866 turns).

Faeu the Severer (Minotaur Berserker)               Turns: 5866, Time: 00:22:17

Health: -6/70      AC:  9    Str: 26    XL:     9   Next: 28%
Magic:  8/8        EV:  9    Int:  4    God:    Trog [****..]
Gold:   267        SH:  0    Dex: 10    Spells: 8/8 levels left

rFire   + . .      SeeInvis .   s - +1 war axe (venom) {axe}
rCold   + . .      Faith    .   (no shield)
rNeg    . . .      Spirit   .   k - +0 chain mail
rPois   .          Reflect  .   (helmet restricted)
rElec   .          Harm     .   e - scarf {rC+ rF+}
rCorr   .          Rampage  .   (no gloves)
Will    +....                   I - +0 pair of boots
Stlth   ..........              i - amulet of regeneration {@e2}
HPRegen 1.01/turn               B - ring of willpower
MPRegen 0.11/turn               (no ring)

@: no status effects
A: horns 2, retaliatory headbutt
a: Renounce Religion, Berserk, Trog's Hand, Brothers in Arms


You were on level 7 of the Dungeon.
You worshipped Trog.
Trog was greatly pleased with you.
You visited 1 branch of the dungeon, and saw 7 of its levels.

You collected 267 gold pieces.


Innate Abilities, Weirdness & Mutations

You have a pair of horns on your head.
You reflexively headbutt those who attack you in melee.


   Skills:
 - Level 3.6 Fighting
 + Level 15.1 Axes
 - Level 2.4 Armour
 - Level 2.1 Dodging


You had 8 spell levels left.
You didn't know any spells.
Your spell library contained the following spells:

 Spells                   Type           Power      Damage    Failure   Level
 Slow                     Hex            0%         N/A       98%         1
 Static Discharge         Conj/Air       0%         N/A       99%         2
 Confusing Touch          Hex            0%         N/A       100%        3
 Vampiric Draining        Necr           0%         2d6       100%        3
 Lightning Bolt           Conj/Air       0%         1d11      100%        5
 Maxwell's Capacitive Co  Air            0%         ∞         100%        8

Inventory:

Hand Weapons
 a - a +0 hand axe {axe}
 s - a +1 war axe of venom (weapon) {axe}
   (You took it off Blork the orc on level 4 of the Dungeon)
Missiles
 v - 14 poisoned darts (quivered) {throwing}
Armour
 b - a +0 animal skin
 d - a scarf of shadows
   (You found it on level 1 of the Dungeon)
 e - a scarf of resistance (worn)
   (You found it on level 1 of the Dungeon)
 k - a +0 chain mail (worn)
   (You found it on level 3 of the Dungeon)
 F - a +1 leather armour of fire resistance
   (You took it off Eustachio on level 5 of the Dungeon)
 H - a +0 pair of boots
   (You found it on level 7 of the Dungeon)
 I - a +0 pair of boots (worn)
   (You found it on level 7 of the Dungeon)
Jewellery
 i - an amulet of regeneration (around neck) {@e2}
   (You found it on level 2 of the Dungeon)
 o - a +6 ring of intelligence
   (You found it on level 2 of the Dungeon)
 B - a ring of willpower (left hand)
   (You found it on level 6 of the Dungeon)
 J - a +4 ring of protection
   (You found it on level 7 of the Dungeon)
Wands
 w - a wand of paralysis (6)
   (You found it on level 5 of the Dungeon)
 y - a wand of charming (9)
   (You found it on level 6 of the Dungeon)
Scrolls
 f - a scroll of torment {unknown}
 h - a scroll of acquirement {unknown}
 l - 3 scrolls of enchant armour {unknown}
 m - 3 scrolls of blinking {unknown}
 p - a scroll of immolation {unknown}
 u - a scroll of magic mapping {unknown}
 A - 2 scrolls of vulnerability {unknown}
 C - a scroll of amnesia {unknown}
 D - 2 scrolls of identify {unknown}
 E - a scroll of enchant weapon {unknown}
Potions
 c - 3 potions of heal wounds {unknown}
 g - 3 potions of resistance {unknown}
 j - 3 potions of curing {unknown}
 n - a potion of brilliance {unknown}
 q - 3 potions of might {unknown}
 r - 2 potions of mutation {unknown}
 t - 5 potions of lignification {unknown}
 x - 2 potions of degeneration {unknown}
 z - a potion of attraction {unknown}
 G - a potion of haste {unknown}

Dungeon Overview and Level Annotations

Branches:
Dungeon (7/15)             Temple (0/1) D:5

Altars:
Yredelemnul

Shops:
D:1 (   D:6 ([[[ D:7

? #... ########.
##....###. #......... ≈
#......... ≈≈≈ #.........
≈P♣≈≈♣♣##########........
≈≈S≈≈≈≈≈.......##.....##.
≈≈≈≈♣≈♣♣.[......#.....##.
P ♣≈ ♣........#........
≈≈ ♣@......##.....##. ≈≈
♣≈SSS......##.....##.
≈≈≈≈≈≈≈≈≈......##>.....#.
≈≈≈≈≈≈≈≈♣.......[......#.
≈≈≈≈≈Z♣♣...≈P.........#.
≈≈≈≈≈≈≈≈..≈≈≈≈P.......#.
≈≈≈≈≈≈♣♣...♣≈≈.##+##.###
≈≈≈≈P≈P≈.####### #.# ≈≈.
.. ♣P ... ..


You could see 3 electric eels and a centaur zombie.


Message History

There is an open door here.
There is an entrance to Leuhaah's Magic Scroll Emporium here.
There is an open door here.
A bullfrog comes into view.
The bullfrog gives a loud, deep croak!
The bullfrog hits you. 😕 HP[+5]
You regained 5 hp, and now have 69/70 hp.
You hit the bullfrog.
The bullfrog is poisoned.
You headbutt the bullfrog.
The bullfrog barely misses you. 😎 HP[+1]
You slice the bullfrog!!
You kill the bullfrog!
Trog accepts your kill.
You see here a +0 leather armour.
You see here a +0 chain mail.
q - 3 blue potions (gained 1)
J - a +4 ring of protection An electric eel comes into view.
The electric eel shoots out a bolt of lightning at you!
The bolt of electricity hits you! 😕 HP[-9]
You take 9 damage, and now have 61/70 hp.
The electric eel shoots out a bolt of lightning at you!
The bolt of electricity hits you! 😕 HP[-6]
You take 6 damage, and now have 55/70 hp.
An electric eel comes into view.
The electric eel shoots out a bolt of lightning at you!
The bolt of electricity hits you.
The electric eel shoots out a bolt of lightning at you!
The bolt of electricity misses you. 😕 HP[-2]
You take 2 damage, and now have 53/70 hp. 😕 HP[+1]
An electric eel comes into view.
The electric eel shoots out a bolt of lightning at you!
The bolt of electricity hits you!
The electric eel shoots out a bolt of lightning at you!
The bolt of electricity hits the electric eel.
The electric eel completely resists.
The bolt of electricity hits you!
* * * LOW HITPOINT WARNING * * *
The electric eel shoots out a bolt of lightning at you!
The bolt of electricity hits the plant!
The plant begins to die.
The bolt of electricity hits the electric eel.
The electric eel completely resists.
The bolt of electricity hits you!
* * * LOW HITPOINT WARNING * * *
😨 HP[-32]
You take 32 damage, and now have 22/70 hp.
MASSIVE DAMAGE!! (PAUSE)
You slash the electric eel!
The electric eel looks as sick as possible!
Your headbutt misses the electric eel. You slash the plant!
The plant begins to die.
You slash the electric eel!
You kill the electric eel!
Trog accepts your kill.
You hear a splash.
You slice the plant!!
An electric eel comes into view. 😨 HP[+1]
The electric eel shoots out a bolt of lightning at you!
The bolt of electricity hits the plant!
The bolt of electricity hits you!
* * * LOW HITPOINT WARNING * * *
😱 HP[-9]
You take 9 damage, and now have 14/70 hp. 😱 HP[+1]
A nearby plant withers and dies. 😱 HP[+1] 😱 HP[+1] 😨 HP[+1] 😨 HP[+1]
The electric eel shoots out a bolt of lightning at you!
The bolt of electricity hits you!
* * * LOW HITPOINT WARNING * * *
😱 HP[-7]
You take 7 damage, and now have 12/70 hp. 😱 HP[+1]
You enter the shallow water.
Moving in this stuff is going to be slow.
An electric eel comes into view.
The electric eel shoots out a bolt of lightning at you!
The bolt of electricity hits the plant!
The plant begins to die.
The bolt of electricity misses you. 😱 HP[+2]
You regained 2 hp, and now have 15/70 hp. 😱 HP[+1]
A centaur zombie comes into view. 😱 HP[+1] 😨 HP[+1]
You closely miss the electric eel. You headbutt the electric eel!
You slash the electric eel!
The electric eel is poisoned.
The electric eel shoots out a bolt of lightning at you!
The bolt of electricity hits you!
* * * LOW HITPOINT WARNING * * *
The electric eel shoots out a bolt of lightning at you!
The bolt of electricity hits the electric eel.
The electric eel completely resists.
The bolt of electricity hits you!
* * * LOW HITPOINT WARNING * * *
The electric eel shoots out a bolt of lightning at you!
The bolt of electricity hits you!
You die...

Skill      XL: |  1  2  3  4  5  6  7  8  9 |
---------------+----------------------------+-----
Axes           | 4 5 6 7 8 9 11 14 15 | 15.1
Fighting       | |  3.6
Armour         | |  2.4
Dodging        | |  2.1

Action                   |  1- 3 |  4- 6 |  7- 9 || total
-------------------------+-------+-------+-------++-------
Melee: Hand axe          |    76 |   124 |    23 ||   223
       Headbutt          |    14 |    23 |    40 ||    77
       Punch             |       |     1 |       ||     1
       War axe           |       |       |   177 ||   177
Invok: Berserk           |       |     3 |     3 ||     6
Armor: Animal skin       |     4 |       |       ||     4
       Chain mail        |    10 |    47 |    87 ||   144
Dodge: Dodged            |    42 |    43 |    86 ||   171

Levels and vault maps discovered:
D:1:      wheals_arrival_shading, layout_basic, serial_shops,
          nicolae_diamond_shop, hellmonk_ecumenical_altar_pennies_from_heaven
D:2:      layout_rooms, dk_noncrumbling_3
D:3:      layout_basic
D:4:      layout_rooms, uniq_blork_the_orc
D:5:      layout_cave_pools, nicolae_yredelemnul_corpse_copse,
          minmay_temple_entry_glassed_door, kennysheep_opposing_triangles,
          uniq_eustachio
D:6:      layout_basic, serial_shops, shop, nicolae_lakefront_shop, shop,
          nicolae_shop_overgrown_old_shop
D:7:      layout_gridville, serial_shops, nicolae_shop_behind_doors,
          serial_bayou, serial_bayou_pond_c, serial_bayou_lake_a,
          serial_bayou_pond_c, serial_bayou_pond_e

Notes
Turn   | Place    | Note
-------+----------+-------------------------------------------
     0 | D:1      | Faeu the Minotaur Berserker began the quest for the Orb.
     0 | D:1      | Reached XP level 1. HP: 19/19 MP: 0/0
     0 | D:1      | magus.rc [v1.9.6]
    51 | D:1      | Found a faded altar of an unknown god.
    60 | D:1      | Reached skill level 4 in Axes
   160 | D:1      | Reached XP level 2. HP: 26/26 MP: 1/1
   234 | D:1      | You pick up a book of Lightning {forbidden} and begin
                  | reading...
   234 | D:1      | You add the spells Static Discharge, Lightning Bolt and
                  | Maxwell's Capacitive Coupling to your library.
   244 | D:1      | Found Inkiocint's Antique Weapon Emporium.
   646 | D:1      | Reached skill level 5 in Axes
   885 | D:1      | Reached XP level 3. HP: 28/31 MP: 2/2
  1039 | D:2      | You pick up a book of Debilitation {forbidden} and begin
                  | reading...
  1039 | D:2      | You add the spells Slow, Vampiric Draining and Confusing
                  | Touch to your library.
  1395 | D:3      | Reached ** piety under Trog
  1578 | D:3      | Reached skill level 6 in Axes
  1578 | D:3      | Reached XP level 4. HP: 32/39 MP: 3/3
  2472 | D:4      | Noticed Blork the orc
  2805 | D:4      | Noticed a sky beast
  2815 | D:4      | Killed a sky beast
  2816 | D:4      | Reached skill level 7 in Axes
  2816 | D:4      | Reached XP level 5. HP: 45/45 MP: 4/4
  2823 | D:5      | Entered Level 5 of the Dungeon
  2869 | D:4      | Reached skill level 8 in Axes
  2871 | D:4      | Reached XP level 6. HP: 22/51 MP: 5/5
  3172 | D:4      | Reached skill level 9 in Axes
  3303 | D:4      | Killed Blork the orc
  3662 | D:5      | Reached XP level 7. HP: 47/57 MP: 6/6
  3761 | D:6      | Reached skill level 10 in Axes
  3761 | D:6      | Found Cechoihe's Antique Weapon Boutique.
  3781 | D:6      | Reached *** piety under Trog
  3843 | D:6      | Found Naupsias's Antique Armour Shop.
  3859 | D:6      | Found Huxal's Antique Armour Boutique.
  3866 | D:6      | Reached skill level 11 in Axes
  3898 | D:6      | Reached XP level 8. HP: 33/64 MP: 7/7
  4140 | D:6      | Found Merod's Armour Shop.
  4268 | D:6      | Reached skill level 12 in Axes
  4703 | D:5      | Reached skill level 13 in Axes
  4711 | D:5      | Found a basalt altar of Yredelemnul.
  4715 | D:5      | Reached **** piety under Trog
  4741 | D:5      | Noticed Eustachio
  4750 | D:5      | Killed Eustachio
  4927 | D:5      | Found a staircase to the Ecumenical Temple.
  4964 | D:5      | Reached skill level 14 in Axes
  5148 | D:5      | Reached XP level 9. HP: 69/70 MP: 8/8
  5573 | D:7      | Found Leuhaah's Magic Scroll Emporium.
  5690 | D:7      | Reached skill level 15 in Axes
  5854 | D:7      | HP: 14/70 [electric eel/bolt of electricity (10)]
  5860 | D:7      | HP: 12/70 [electric eel/bolt of electricity (8)]
  5866 | D:7      | HP: 12/70 [electric eel/bolt of electricity (7)]
  5866 | D:7      | HP: 4/70 [electric eel/bolt of electricity (8)]
  5866 | D:7      | Killed from afar by an electric eel

Vanquished Creatures
  Eustachio (D:5)
  An orc warrior (D:6)
  A black bear (D:6)
  2 sky beasts
  An ice beast (D:7)
  2 centaurs
  A phantom (D:6)
  Blork the orc (D:4)
  2 bullfrogs
  4 scorpions
  A water moccasin zombie (D:5)
  A wyvern skeleton (D:7)
  A water moccasin skeleton (D:4)
  A howler monkey (D:5)
  An electric eel (D:7)
  A bullfrog zombie (D:5)
  3 centaur zombies
  3 hounds
  A jelly (D:5)
  5 orc priests
  6 iguanas
  3 bullfrog skeletons (D:6)
  2 orc wizards
  2 killer bee zombies (D:5)
  2 hound zombies (D:5)
  A hound skeleton (D:5)
  3 gnolls (D:4)
  A howler monkey skeleton (D:5)
  8 adders
  2 white imps (D:5)
  An ufetubus (D:5)
  An adder zombie (D:5)
  2 adder skeletons (D:4)
  A worm (D:2)
  2 dart slugs
  16 orcs
  5 bats
  5 endoplasms
  5 giant cockroaches
  4 goblins
  6 hobgoblins
  4 jackals (D:4)
  13 kobolds
  2 quokkas
  12 ball pythons
  6 frilled lizards
  4 rats
153 creatures vanquished.

Vanquished Creatures (others)
  33 plants (D:7)
33 creatures vanquished.

Grand Total: 186 creatures vanquished

Table legend:
 A = Non-vault XP
 B = Vault XP
 C = Vault XP percentage of total XP
 D = Non-vault monster count
 E = Vault monster count
 F = Vault count percentage of total count
                 A         B        C        D         E       F
            +---------+---------+-------+---------+---------+-------
      Total |    2821 |     761 |  21.2 |     141 |      12 |   7.8
            +---------+---------+-------+---------+---------+-------
        D:1 |      41 |       0 |   0.0 |      25 |       0 |   0.0
        D:2 |      28 |       0 |   0.0 |      14 |       0 |   0.0
        D:3 |     107 |       0 |   0.0 |      21 |       0 |   0.0
        D:4 |     432 |      94 |  17.9 |      27 |       1 |   3.6
        D:5 |     417 |     667 |  61.5 |      23 |      11 |  32.4
        D:6 |    1079 |       0 |   0.0 |      18 |       0 |   0.0
        D:7 |     717 |       0 |   0.0 |      13 |       0 |   0.0
            +---------+---------+-------+---------+---------+-------

Illustrated notes

Table legend:
 A = Kills in this place as a percentage of kills in entire the game.
 B = Kills by you in this place as a percentage of kills by you in the entire game.
 C = Kills by friends in this place as a percentage of kills by friends in the entire game.
 D = Other kills in this place as a percentage of other kills in the entire game.
 E = Experience gained in this place as a percentage of experience gained in the entire game.
 F = Experience gained in this place divided by the number of levels of this place that you have seen.
                   A       B       C       D       E      F
               +-------+-------+-------+-------+-------+----------------------
         Total | 100.0 | 100.0 |   N/A |   N/A | 100.0 | 511.7
       Dungeon | 100.0 | 100.0 |   N/A |   N/A | 100.0 | 511.7
               +-------+-------+-------+-------+-------+----------------------

Table legend: (Time is in decaauts)
 A = Elapsed time spent in this place.
 B = Non-inter-level travel time spent in this place.
 C = Inter-level travel time spent in this place.
 D = Time resting spent in this place.
 E = Time spent auto-exploring this place.
 F = Levels seen in this place.
 G = Mean time per level.
                   A        B        C        D        E       F      G
               +--------+--------+--------+--------+--------+-----+--------+
         Total |   5879 |   5664 |    215 |    376 |   2620 |   7 |  839.9 |
       Dungeon |   5879 |   5664 |    215 |    376 |   2620 |   7 |  839.9 |
               +--------+--------+--------+--------+--------+-----+--------+

Top non-repeatable levels by time:
     D:3: 1076 daAuts
     D:1: 1015 daAuts
     D:4: 981 daAuts
     D:5: 954 daAuts
     D:6: 786 daAuts
     D:2: 592 daAuts
     D:7: 473 daAuts
